 Dungeon Crawl Stone Soup version 0.30.1-3-gfc49f6343a (webtiles) character file.

Game seed: 2801931838020787129

324 Fodor the Covered (level 6, -3/53 HPs)
             Began as a Minotaur Fighter on July 26, 2023.
             Slain by an orc priest
             ... wielding a +0 trident
              (6 damage)
             ... on level 4 of the Dungeon.
             The game lasted 00:17:52 (2816 turns).

Fodor the Covered (Minotaur Fighter)                Turns: 2816, Time: 00:17:53

Health: -3/53      AC: 13    Str: 23    XL:     6   Next: 23%
Magic:  5/5        EV:  6    Int:  5    God:
Gold:   264        SH:  4    Dex:  9    Spells: 5/5 levels left

rFire   . . .        a - +0 long sword
rCold   . . .        c - +0 buckler
rNeg    . . .        f - +0 plate armour
rPois   .            (helmet restricted)
rElec   .            d - +0 cloak
rCorr   .            (no gloves)
SInv    .            (no boots)
Will    .....        (no amulet) Stlth
                     (no ring)
HPRegen 0.28/turn    (no ring)
MPRegen 0.09/turn

%: no passive effects
@: no status effects
A: horns 2, retaliatory headbutt
a: no special abilities


You were on level 4 of the Dungeon.
You visited 1 branch of the dungeon, and saw 4 of its levels.

You collected 264 gold pieces.

Inventory:

Hand Weapons
 a - a +0 long sword (weapon)
 m - a +0 sling
Missiles
 h - 2 boomerangs (quivered)
Armour
 c - a +0 buckler (worn)
 d - a +0 cloak (worn)
 f - a +0 plate armour (worn)
Scrolls
 b - 2 scrolls of identify {unknown}
 e - a scroll of poison {unknown}
 i - a scroll of vulnerability {unknown}
 l - a scroll of amnesia {unknown}
Potions
 g - 2 potions of curing {unknown}
 j - a potion of attraction {unknown}
 k - 2 potions of resistance {unknown}


   Skills:
 + Level 4.6 Fighting
 + Level 5.6 Long Blades
 + Level 5.6 Armour
 + Level 0.1 Dodging
 + Level 4.2 Shields


You had 5 spell levels left.
You didn't know any spells.
Your spell library contained the following spells:

 Spells                   Type           Power      Damage    Failure   Level
 Beastly Appendage        Tmut           0%         N/A       100%        1
 Wereblood                Tmut           0%         N/A       100%        2
 Spider Form              Tmut/Pois      0%         N/A       100%        3


Dungeon Overview and Level Annotations

Branches:
Dungeon (4/15)
 Temple: D:4-7

Altars:

Shops:
D:4 *


Innate Abilities, Weirdness & Mutations

You have a pair of horns on your head.
You reflexively headbutt those who attack you in melee.


Message History

The orc is lightly wounded.
The orc priest calls upon Beogh to heal the orc.
The orc's wounds heal themselves!
The orc hits you with a +0 club.
You hit the orc.
The orc is heavily wounded.
The orc hits you but does no damage. You block the orc priest's attack.
You hit the orc.
You kill the orc!
You block the orc priest's attack.
The orc priest hits you but does no damage.
Items here: ))) [[ ††.
The orc priest hits you but does no damage.
The orc priest closely misses you.
You closely miss the orc priest. Your headbutt misses the orc priest.
The orc priest miscasts a cantrip.
You hit the orc priest but do no damage.
You headbutt the orc priest!
The orc priest is severely wounded.
You block the orc priest's attack.
You completely miss the orc priest.
The orc priest is severely wounded.
The orc priest hits you with a +0 trident. x2
You closely miss the orc priest.
The orc priest is severely wounded.
The orc priest mumbles some strange prayers to Beogh against you.
Pain shoots through your body!
* * * LOW HITPOINT WARNING * * *
You hit the orc priest.
You headbutt the orc priest, but do no damage.
The orc priest is almost dead.
The orc priest invokes the aid of Beogh against you.
Beogh smites you!
* * * LOW HITPOINT WARNING * * *
You barely miss the orc priest.
The orc priest is almost dead.
The orc priest casts a cantrip, but nothing happens.
You hit the orc priest. Your headbutt misses the orc priest.
The orc priest is almost dead.
The orc priest hits you with a +0 trident.
You die...

### ### ....
...########....
...............
...............
...............
...............
.......@#####
......o.#...#
.#.####)#.∩.#
#.#...# .#
#.#.>.# .#
#.#...# #.# ..
#.#####.#.# .#
##.[...#.. ..
###.###.#


You could see an orc priest.

Vanquished Creatures
  A phantom (D:3)
  An orc priest (D:3)
  An orc wizard (D:4)
  8 gnolls
  3 adders
  A worm (D:2)
  5 orcs
  2 endoplasms
  3 giant cockroaches
  10 goblins
  10 hobgoblins
  5 jackals
  7 kobolds
  4 quokkas
  10 ball pythons
  8 bats
  A frilled lizard (D:1)
  4 rats
84 creatures vanquished.

Notes
Turn   | Place    | Note
-------+----------+-------------------------------------------
     0 | D:1      | Fodor the Minotaur Fighter began the quest for the Orb.
     0 | D:1      | Reached XP level 1. HP: 19/19 MP: 0/0
   241 | D:1      | Reached XP level 2. HP: 27/27 MP: 1/1
   716 | D:1      | Reached XP level 3. HP: 30/33 MP: 2/2
  1485 | D:2      | Reached XP level 4. HP: 35/40 MP: 3/3
  1811 | D:3      | Noticed a phantom
  1842 | D:3      | Killed a phantom
  1843 | D:3      | Reached XP level 5. HP: 21/47 MP: 4/4
  1845 | D:3      | Reached skill level 5 in Long Blades
  2318 | D:3      | Reached skill level 5 in Armour
  2615 | D:4      | Found Pytat's Assorted Antiques.
  2645 | D:4      | Reached XP level 6. HP: 31/53 MP: 5/5
  2814 | D:4      | HP: 2/53 [orc priest/divine providence (9)]
  2816 | D:4      | Slain by an orc priest

Illustrated notes

Levels and vault maps discovered:
D:1:      dpeg_cavernosity, layout_loops_ring, minivault_11, item_on_display_a
D:2:      layout_loops_cross, minmay_gold_behind_fungi, minivault_14
D:3:      layout_basic, minmay_surrounded
D:4:      kb_forest_paths, layout_basic, serial_shops, shop,
          nicolae_take_the_stairs, corexii_item_surrounded_by_moat

Skill      XL: |  1  2  3  4  5 |
---------------+----------------+-----
Armour         | 4 5 |  5.6
Fighting       | 4 |  4.6
Shields        | 4 |  4.2
Long Blades    | 3 4 5 |  5.6
Dodging        | |  0.1

Action                     |  1- 3 |  4- 6 || total
---------------------------+-------+-------++-------
  Melee: Long sword        |   119 |   116 ||   235
         Headbutt          |    14 |    21 ||    35
    Use: Potion            |       |     1 ||     1
 Armour: Plate armour      |    76 |    84 ||   160
  Dodge: Dodged            |    36 |    39 ||    75
  Block: Buckler           |    19 |    30 ||    49
